 Dungeon Crawl Stone Soup version 0.31-a0-234-gad7ace16ef (webtiles) character file.

Game seed: 9475217098801698474

1180 qw the Skirmisher (level 8, -5/70 HPs)
             Began as a Minotaur Hexslinger on July 9, 2023.
             Was an Initiate of Okawaru.
             Killed by divine providence
             ... invoked by an orc priest
              (11 damage)
             ... on level 6 of the Dungeon.
             The game lasted 00:01:57 (4498 turns).

qw the Skirmisher (Minotaur Hexslinger)             Turns: 4498, Time: 00:01:57

Health: -5/70      AC:  6    Str: 14    XL:     8   Next: 18%
Magic:  7/8        EV: 11    Int: 10    God:    Okawaru [......]
Gold:   204        SH:  0    Dex: 14    Spells: 8/9 levels left

rFire   . . .        Y - +2 sling (flame)
rCold   . . .        (no shield)
rNeg    . . .        f - +0 ring mail
rPois   .            (helmet restricted)
rElec   .            (no cloak)
rCorr   .            g - +0 pair of gloves
SInv    +            (no boots)
Will    .....        (no amulet)
Stlth   +            c - ring of see invisible
HPRegen 0.31/turn    (no ring)
MPRegen 0.11/turn

%: no passive effects
@: no status effects
A: horns 2, retaliatory headbutt
a: Renounce Religion


You were on level 6 of the Dungeon.
You worshipped Okawaru.
Okawaru was noncommittal.
You visited 2 branches of the dungeon, and saw 7 of its levels.

You collected 244 gold pieces.
You spent 40 gold pieces at shops.


Innate Abilities, Weirdness & Mutations

You have a pair of horns on your head.
You reflexively headbutt those who attack you in melee.


   Skills:
 - Level 6.3 Fighting
 - Level 9.0 Ranged Weapons
 - Level 2.2 Armour
 + Level 2.2 Dodging
 - Level 1.0 Spellcasting
 - Level 2.0 Hexes


You had 8 spell levels left.
You knew the following spells:

 Your Spells              Type           Power      Damage    Failure   Level
a - Slow                  Hex            16%        N/A       30%         1

Your spell library contained the following spells:

 Spells                   Type           Power      Damage    Failure   Level
 Inner Flame              Hex/Fire       2%         N/A       80%         3
 Portal Projectile        Hex/Tloc       4%         N/A       80%         3
 Cause Fear               Hex            2%         N/A       96%         4

Inventory:

Hand Weapons
 Y - a +2 sling of flaming (weapon)
Armour
 f - a +0 ring mail (worn)
 g - a +0 pair of gloves (worn)
Jewellery
 c - a ring of see invisible (left hand)
Scrolls
 b - a scroll of identify
Potions
 a - a potion of haste
 d - a potion of lignification {unknown}
 e - a potion of invisibility {unknown}

Dungeon Overview and Level Annotations

Branches:
Dungeon (6/15)             Temple (1/1) D:4

Altars:
Dithmenos
Fedhas
Gozag
Hepliaklqana
Makhleb
Nemelex Xobeh
Okawaru
Qazlal
Ru
Trog
Vehumet
Wu Jian
Xom
Yredelemnul
Zin

Shops:
D:3 *

Annotations:
D:1 2 runed translucent doors
D:3 2 runed translucent doors
D:5 2 runed translucent doors


Message History

You shoot a sling bullet.
The sling bullet closely misses the orc priest.
You shoot a sling bullet.
The sling bullet hits the orc priest but does no damage.
You shoot a sling bullet.
The sling bullet closely misses the orc priest.
The orc priest closely misses you. The steam dragon bites you!
The steam dragon misses you.
You shoot a sling bullet.
The sling bullet barely misses the orc priest.
You shoot a sling bullet. The sling bullet hits the orc priest.
The sling bullet burns the orc priest.
The orc priest is lightly wounded.
You feel like a meek peon again.
The orc priest mumbles some strange prayers to Beogh against you.
Pain shoots through your body! The steam dragon bites you!
The steam dragon claws you but does no damage.
You shoot a sling bullet.
The sling bullet hits the orc priest but does no damage.
The orc priest is lightly wounded.
The orc priest misses you. You furiously retaliate!
You headbutt the orc priest. The steam dragon barely misses you.
The steam dragon claws you but does no damage.
You shoot a sling bullet.
The sling bullet barely misses the orc priest.
The orc priest hits you but does no damage.
The steam dragon bites you. The steam dragon claws you.
You shoot a sling bullet.
The sling bullet hits the orc priest but does no damage.
The orc priest is moderately wounded.
The orc priest mumbles some strange prayers to Beogh against you.
Pain shoots through your body! The steam dragon closely misses you.
You furiously retaliate!
You headbutt the steam dragon.
The steam dragon claws you but does no damage.
You shoot a sling bullet.
The sling bullet hits the orc priest but does no damage.
The orc priest is moderately wounded.
The orc priest calls down the wrath of Beogh upon you.
Beogh smites you!
You die...

## ### ...
.. #..#.
#.$#.####
....... # #
....##.#..#
#[.....<..
#<@...#
##oD......
.)~~~~~~~
#.$..~~~~~
..)8...._~
.#.)..~~~~~
.#..~~~~~~~
.
..........


You could see a steam dragon and an orc priest.

Vanquished Creatures
  Grinder (D:4)
  Sigmund (D:4)
  A black bear (D:4)
  2 ogres
  A phantom (D:4)
  2 scorpions (D:5)
  3 hounds
  An orc priest (D:6)
  A human zombie (D:5)
  2 iguanas
  An orc wizard (D:6)
  7 adders
  2 white imps (D:5)
  An ufetubus (D:5)
  A worm zombie (D:5)
  2 worms
  A dart slug (D:1)
  7 orcs
  5 bats
  9 endoplasms
  3 giant cockroaches
  5 hobgoblins
  2 jackals (D:1)
  5 quokkas (D:4)
  6 ball pythons
  2 frilled lizards
  6 goblins
  9 kobolds
  6 rats
95 creatures vanquished.

Notes
Turn   | Place    | Note
-------+----------+-------------------------------------------
     0 | D:1      | qw the Minotaur Hexslinger began the quest for the Orb.
     0 | D:1      | Reached XP level 1. HP: 16/16 MP: 1/1
     0 | D:1      | 0 ||| qw: Version: 0.3-a-51-g015441d
     0 | D:1      | 0 ||| qw: Game counter: 4173
     0 | D:1      | 0 ||| qw: Melee chars always use a shield: true
     0 | D:1      | 0 ||| qw: God list: Okawaru
     0 | D:1      | 0 ||| qw: Allow faded altars: false
     0 | D:1      | 0 ||| qw: Do Orc after clearing Dungeon:15 true
     0 | D:1      | 0 ||| qw: Do second Lair branch before Depths: true
     0 | D:1      | 0 ||| qw: Lair rune preference: random
     0 | D:1      | 0 ||| qw: Goals: Normal
     0 | D:1      | 0 ||| PLANNING D:1-11
    99 | D:1      | Reached skill level 3 in Ranged Weapons
    99 | D:1      | Reached XP level 2. HP: 23/23 MP: 2/2
    99 | D:1      | Found a large runed translucent door.
    99 | D:1      | Found a large runed translucent door.
   103 | D:1      | Noticed an orc warrior
   154 | D:1      | Found a faded altar of an unknown god.
   470 | D:1      | Reached XP level 3. HP: 29/29 MP: 3/3
   753 | D:1      | 753 ||| READING scroll labelled EMUCKU SIUS.
   754 | D:1      | 754 ||| READING scroll labelled LOITIT HINAEWN.
   755 | D:1      | 755 ||| READING scroll labelled PIUQILOEVE.
   756 | D:1      | 756 ||| DROPPING scroll of poison.
   956 | D:2      | Identified the +10 spear "Foaclercha" {freeze, *Slow +Blink
                  | Int+3 Dex+3}
   979 | D:2      | Found a glowing silver altar of Zin.
   988 | D:2      | Reached skill level 4 in Ranged Weapons
  1015 | D:2      | You fall into a shaft and drop 1 floor!
  1015 | D:3      | Found Puptex's General Store.
  1016 | D:3      | 1016 ||| SHOPLISTING potion of haste (100 gold, have 71).
  1016 | D:3      | 1016 ||| SHOPLISTING scroll of enchant weapon (75 gold,
                  | have 71).
  1016 | D:3      | 1016 ||| BUYING scroll of identify (20 gold).
  1016 | D:3      | Bought a scroll of identify for 20 gold pieces
  1016 | D:3      | 1016 ||| BUYING scroll of identify (20 gold).
  1016 | D:3      | Bought a scroll of identify for 20 gold pieces
  1166 | D:3      | 1166 ||| UPGRADING to +0 leather armour.
  1176 | D:3      | 1176 ||| DROPPING +0 robe.
  1177 | D:3      | 1177 ||| UPGRADING to +0 ring mail.
  1187 | D:3      | 1187 ||| DROPPING +0 leather armour.
  1188 | D:3      | 1188 ||| UPGRADING to +0 pair of gloves.
  1193 | D:3      | 1193 ||| DROPPING +6 ring of intelligence.
  1194 | D:3      | 1194 ||| DRINKING 2 fuming blue potions.
  1195 | D:3      | 1195 ||| READING 3 scrolls of identify.
  1195 | D:3      | 1195 ||| IDENTIFYING lumpy sapphire potion
  1196 | D:3      | 1196 ||| DROPPING potion of magic.
  1573 | D:2      | 1573 ||| READING 2 scrolls of identify.
  1573 | D:2      | 1573 ||| IDENTIFYING grey potion
  1664 | D:3      | Reached XP level 4. HP: 36/36 MP: 4/4
  1739 | D:3      | Reached skill level 1 in Armour
  1757 | D:3      | Found a basalt altar of Yredelemnul.
  1815 | D:3      | Found a large runed translucent door.
  1816 | D:3      | Found a large runed translucent door.
  2119 | D:3      | 2119 ||| DRINKING 2 amethyst potions.
  2126 | D:3      | 2126 ||| DROPPING potion of ambrosia.
  2136 | D:4      | Noticed Grinder
  2136 | D:4      | Noticed a phantom
  2145 | D:4      | Killed a phantom
  2146 | D:4      | Reached skill level 5 in Ranged Weapons
  2146 | D:4      | Reached XP level 5. HP: 22/41 MP: 5/5
  2162 | D:4      | Paralysed by Grinder for 3 turns
  2167 | D:4      | HP: 7/41 [Grinder (5)]
  2168 | D:4      | 2168 ||| DRINKING 2 potions of heal wounds.
  2170 | D:4      | 2170 ||| DRINKING potion of heal wounds.
  2177 | D:4      | Killed Grinder
  2178 | D:4      | Reached XP level 6. HP: 36/56 MP: 6/6
  2324 | D:4      | Found a staircase to the Ecumenical Temple.
  2325 | D:4      | 2325 ||| PLANNING TEMPLE
  2325 | D:4      | 2325 ||| READING scroll labelled HIG XIBREBOPN.
  2356 | D:4      | 2356 ||| FLEEEEING.
  2359 | D:4      | 2359 ||| FLEEEEING.
  2360 | D:4      | 2360 ||| FLEEEEING.
  2361 | D:4      | 2361 ||| FLEEEEING.
  2362 | D:4      | 2362 ||| FLEEEEING.
  2365 | D:4      | 2365 ||| STAIRDANCE
  2460 | D:3      | 2460 ||| READING scroll labelled DAECWEDE ENOCW.
  2515 | Temple   | Entered the Ecumenical Temple
  2515 | Temple   | Found a transporter.
  2515 | Temple   | Found a transporter.
  2517 | Temple   | Found a transporter.
  2517 | Temple   | Found a transporter.
  2527 | Temple   | 2527 ||| PLANNING D:1-11
  2542 | Temple   | 2542 ||| PLANNING OKAWARU WORSHIP
  2549 | Temple   | Became a worshipper of Warmaster Okawaru
  2550 | Temple   | 2550 ||| PLANNING D:1-11
  2679 | D:4      | Found an ornate altar of the Wu Jian Council.
  2698 | D:4      | Reached skill level 6 in Ranged Weapons
  2708 | D:4      | Noticed Sigmund
  2719 | D:4      | Killed Sigmund
  2720 | D:4      | Reached skill level 7 in Ranged Weapons
  2720 | D:4      | Reached XP level 7. HP: 59/61 MP: 7/7
  2836 | D:4      | Found a sparkling altar of Nemelex Xobeh.
  3064 | D:4      | Found a burning altar of Makhleb.
  3064 | D:4      | Noticed an Executioner
  3066 | D:4      | 3066 ||| UPGRADING to ring of see invisible.
  3067 | D:4      | 3067 ||| READING scroll labelled XEOSMI HOEGESE.
  3086 | D:5      | Entered Level 5 of the Dungeon
  3086 | D:5      | Found a blossoming altar of Fedhas.
  3087 | D:5      | 3087 ||| PLANNING OSSUARY
  3097 | D:5      | 3097 ||| STAIRDANCE
  3101 | D:4      | Reached skill level 8 in Ranged Weapons
  3171 | D:5      | 3171 ||| FLEEEEING.
  3177 | D:5      | 3177 ||| FLEEEEING.
  3178 | D:5      | 3178 ||| FLEEEEING.
  3179 | D:5      | 3179 ||| FLEEEEING.
  3180 | D:5      | 3180 ||| STAIRDANCE
  3336 | D:5      | Reached * piety under Okawaru
  3337 | D:5      | 3337 ||| INVOKING Heroism.
  3350 | D:5      | 3350 ||| INVOKING Heroism.
  3351 | D:5      | HP: 10/61 [ogre/+0 giant club (23)]
  3353 | D:5      | 3353 ||| FLEEEEING.
  3372 | D:5      | 3372 ||| FLEEEEING.
  3373 | D:5      | 3373 ||| FLEEEEING.
  3381 | D:5      | 3381 ||| STAIRDANCE
  3685 | D:5      | Reached skill level 9 in Ranged Weapons
  3685 | D:5      | Reached XP level 8. HP: 68/68 MP: 8/8
  3690 | D:5      | Found a runed translucent door.
  3773 | D:5      | 3773 ||| RIP OSSUARY
  3781 | D:5      | 3781 ||| PLANNING D:1-11
  3861 | D:5      | Found a runed translucent door.
  4185 | D:5      | 4185 ||| STAIRDANCE
  4189 | D:5      | 4189 ||| STAIRDANCE
  4193 | D:5      | 4193 ||| STAIRDANCE
  4197 | D:5      | 4197 ||| STAIRDANCE
  4201 | D:5      | 4201 ||| STAIRDANCE
  4205 | D:5      | 4205 ||| STAIRDANCE
  4209 | D:5      | 4209 ||| STAIRDANCE
  4213 | D:5      | 4213 ||| STAIRDANCE
  4217 | D:5      | 4217 ||| STAIRDANCE
  4221 | D:5      | 4221 ||| STAIRDANCE
  4225 | D:5      | 4225 ||| STAIRDANCE
  4229 | D:5      | 4229 ||| STAIRDANCE
  4233 | D:5      | 4233 ||| STAIRDANCE
  4237 | D:5      | 4237 ||| STAIRDANCE
  4241 | D:5      | 4241 ||| STAIRDANCE
  4245 | D:5      | 4245 ||| STAIRDANCE
  4249 | D:5      | 4249 ||| STAIRDANCE
  4337 | D:6      | Found a hazy altar of Hepliaklqana.
  4349 | D:6      | 4349 ||| STAIRDANCE
  4354 | D:5      | Reached skill level 6 in Fighting
  4482 | D:6      | 4482 ||| INVOKING Heroism.
  4494 | D:6      | HP: 17/70 [steam dragon (7)]
  4497 | D:6      | HP: 6/70 [orc priest/nerve-wracking pain (10)]
  4498 | D:6      | Killed from afar by an orc priest

Levels and vault maps discovered:
D:1:      erik_arrival_cave_to_civilisation [erik_arrival_cave_to_temple],
          layout_basic, ebering_ecumenical_altar_rust, minmay_misc_feat_encased
D:2:      layout_basic, basic_altar
D:3:      layout_basic, yredelemnul_altar_generic, jmf_multi_god_temple2,
          serial_shops, nicolae_shop_tiny_real_fake_doors,
          minmay_misc_feat_roman, nrook_loot_triangle
D:4:      layout_cave_pools, pdpol_wu_jian_five_deadly_venoms,
          makhleb_altar_promises_db, nicolae_overflow_hidden_temple,
          minmay_temple_entry_large_hall, uniq_sigmund, uniq_grinder
D:5:      lemuel_insect_pit, layout_loops_cross,
          mainiacjoe_overflow_concentric_impassable, enter_ossuary_3
D:6:      layout_loops_ring, mainiacjoe_overflow_catwalk
Temple:   hellmonk_temple_divided_pantheon

Skill      XL: |  1  2  3  4  5  6  7  8 |
---------------+-------------------------+-----
Ranged Weapons | 3 4 5 7 9 |  9.0
Fighting       | 2 5 6 |  6.3
Armour         | 1 2 |  2.2
Dodging        | |  2.2
Spellcasting   | |  1.0
Hexes          | |  2.0

Action                     |  1- 3 |  4- 6 |  7- 9 || total
---------------------------+-------+-------+-------++-------
   Fire: Sling             |   108 |   119 |   138 ||   365
 Invoke: Heroism           |       |       |     3 ||     3
    Use: Scroll            |     5 |     2 |     1 ||     8
         Potion            |     1 |     3 |       ||     4
 Armour: Robe              |     5 |       |       ||     5
         Ring mail         |     4 |    19 |    49 ||    72
  Dodge: Dodged            |    29 |    32 |    85 ||   146

Table legend:
 A = Non-vault XP
 B = Vault XP
 C = Vault XP percentage of total XP
 D = Non-vault monster count
 E = Vault monster count
 F = Vault count percentage of total count
                 A         B        C        D         E       F
            +---------+---------+-------+---------+---------+-------
      Total |    1147 |     539 |  32.0 |      89 |       6 |   6.3
            +---------+---------+-------+---------+---------+-------
        D:1 |      36 |       6 |  14.3 |      23 |       2 |   8.0
        D:2 |      28 |       0 |   0.0 |       9 |       0 |   0.0
        D:3 |      44 |       0 |   0.0 |      13 |       0 |   0.0
        D:4 |     490 |     486 |  49.8 |      26 |       2 |   7.1
        D:5 |     426 |      47 |   9.9 |      11 |       2 |  15.4
        D:6 |     123 |       0 |   0.0 |       7 |       0 |   0.0
            +---------+---------+-------+---------+---------+-------
